 Dungeon Crawl Stone Soup version 0.31-a0-995-g04711c9635 (webtiles) character file.

Game seed: 15186261624776413536

1490 Dirtsage the Insei (level 8, -1/54 HPs)
             Began as an Octopode Shapeshifter on Nov 6, 2023.
             Was an Initiate of the Shining One.
             Slain by a centaur
             ... wielding a +0 rapier
              (3 damage)
             ... on level 6 of the Dungeon.
             The game lasted 00:13:24 (4185 turns).

Dirtsage the Insei (Octopode Shapeshifter)          Turns: 4185, Time: 00:13:25

Health: -1/54      AC:  1    Str: 13    XL:     8   Next: 80%
Magic:  8/8        EV: 13    Int: 13    God:    the Shining One [......]
Gold:   176        SH:  0    Dex: 13    Spells: 7/7 levels left

rFire   + .          .
                       - Unarmed
rCold   . . .        (no shield)
rNeg    + . .        (helmet currently unavailable)
rPois   .            f - amulet of regeneration
rElec   .            N - ring of positive energy
rCorr   .            F - ring of protection from fire
SInv    .            (no ring)
Will    .....        (no ring)
Stlth   +            (no ring)
HPRegen 1.09/turn    (no ring)
MPRegen 0.11/turn    (no ring)
                     (no ring)

%: no passive effects
@: beast-form, glowing
A: beast (slay +3), almost no armour, amphibious, 8 rings, camouflage 1,
gelatinous body 1, (nimble swimmer 1), tentacles
a: Begin Untransformation, Renounce Religion


You were on level 6 of the Dungeon.
You worshipped the Shining One.
The Shining One was noncommittal.
You were a hulking beast.
You visited 2 branches of the dungeon, and saw 7 of its levels.

You collected 369 gold pieces.
You spent 193 gold pieces at shops.

Inventory:

Hand Weapons
 g - a +2 dagger of flaming
Armour
 r - a +0 buckler
Jewellery
 f - an amulet of regeneration (around mantle)
 F - a ring of protection from fire (right tentacle)
 N - a ring of positive energy (left tentacle)
Talismans
 b - a beast talisman
 c - a flux talisman
Wands
 m - a wand of polymorph (9)
 D - a wand of digging (5)
Scrolls
 a - a scroll of vulnerability {unknown}
 e - 3 scrolls of immolation
 i - a scroll of identify
 n - a scroll of revelation
 q - a scroll of silence {unknown}
 t - 3 scrolls of teleportation
 u - a scroll of enchant armour {unknown}
 B - a scroll of blinking
Potions
 d - a potion of brilliance
 h - a potion of invisibility
 j - a potion of magic
 k - a potion of mutation
 l - 2 potions of curing {unknown}
 o - a potion of degeneration {unknown}
 p - 2 potions of ambrosia {unknown}
 s - 2 potions of heal wounds {unknown}
 v - a potion of attraction {unknown}


   Skills:
 + Level 4.7 Fighting
 - Level 2.0 Dodging
 * Level 7.4 Unarmed Combat
 + Level 0.2 Invocations
 * Level 6.8 Shapeshifting


You had 7 spell levels left.
You didn't know any spells.
Your spell library contained the following spells:

 Spells                   Type           Power      Damage    Failure   Level
 Magic Dart               Conj           0%         1d3       30%         1
 Sting                    Tmut/Pois      0%         1d3       30%         1
 Call Imp                 Summ           0%         N/A       43%         2
 Cigotuvi's Dreadful Rot  Necr/Pois/Air  0%         N/A       43%         2
 Poisonous Vapours        Pois/Air       0%         N/A       43%         2
 Wereblood                Tmut           0%         N/A       43%         2
 Mephitic Cloud           Conj/Pois/Air  0%         N/A       67%         3
 Dispel Undead            Necr           0%         3d6       97%         4
 Olgreb's Toxic Radiance  Pois           0%         N/A       97%         4
 Irradiate                Conj/Tmut      0%         3d11      100%        5
 Death Channel            Necr           0%         N/A       100%        6


Dungeon Overview and Level Annotations

Branches:
Dungeon (6/15)             Temple (1/1) D:6

Altars:
Ashenzari
Cheibriados
Elyvilon
Fedhas
Gozag
Hepliaklqana
Kikubaaqudgha
Makhleb
Nemelex Xobeh
Okawaru
Qazlal
Ru
Sif Muna
Trog
Uskayaw
Vehumet
Wu Jian
Xom
Yredelemnul
Zin
The Shining One

Shops:
D:4 ?   D:5 :   D:6 *:?


Innate Abilities, Weirdness & Mutations

You are a hulking beast.
Your limbs bulge with bestial killing power. (Slay +3)
You cannot wear most types of armour.
You are amphibious.
You can wear up to eight rings at the same time.
Your skin changes colour to match your surroundings (Stealth+).
Your rubbery body absorbs attacks. (AC +1, EV +1)
((You are camouflaged when in or above water. (Stealth+)))
You have tentacles for arms and can constrict up to eight enemies at once.


Message History

You take 2 damage, and have 52/54 hp.
You barely miss the adder. You grab the adder. You constrict the adder.
The centaur shoots an arrow.
The arrow completely misses you. The adder misses you.
You tentacle-slap the adder.
The adder is severely wounded.
You constrict the adder.
The centaur shoots an arrow.
The arrow closely misses you. The adder bites you.
You take 1 damage, and have 52/54 hp.
You tentacle-slap the adder.
You kill the adder!
The centaur shoots an arrow.
The arrow hits you!
You take 15 damage, and have 38/54 hp.
MASSIVE DAMAGE!!
The centaur unwields a +0 shortbow.
The centaur wields a +0 rapier.
The centaur hits you with a +0 rapier. The centaur kicks you.
The shadow slips into darkness.
The shadow flickers and vanishes!
Deactivating autopickup; reactivate with Ctrl-A.
There is an open door, spattered with blood here.
You see here a hound corpse.
You take 5 damage, and have 33/54 hp.
Okay, then.
You tentacle-slap the centaur but do no damage.
The centaur hits you with a +0 rapier. The centaur kicks you.
You take 5 damage, and have 28/54 hp.
You barely miss the centaur. You tentacle-slap the centaur!
The centaur is moderately wounded.
The centaur hits you with a +0 rapier! The centaur closely misses you.
The shadow strikes at you from the darkness!
* * * LOW HITPOINT WARNING * * *
Reactivating autopickup.
The centaur hits you with a +0 rapier.
* * * LOW HITPOINT WARNING * * *
The centaur kicks you.
* * * LOW HITPOINT WARNING * * *
You take 27 damage, and have 1/54 hp.
MASSIVE DAMAGE!!
You bludgeon the centaur!
The centaur is severely wounded.
The centaur completely misses you. The centaur kicks you.
You die...

.## #..# #............# ..##
#..## #......#.##### #..##
#...# #[.#...#.#
....#####.#.########..#..##.#
###.......#.......#......##.#
..........#.......#.###.###.#
#.........#.........# #......
........#.#.....††.##.......#
.#......#.#.)###h#....#
##......#.##...Wc..##'#
........# ##.#..### #...#
##......#.###.#.##.# #...#
........#....>#.'..# #...#
############.##.##.# #.9W#
#.##..### #...#
#.##....####.o.# #..
#.##.##....##c##....#


You could see a shadow and a centaur.

Vanquished Creatures
  Menkaure (D:4)
  Duvessa (D:4)
  A black bear (D:6)
  2 sky beasts (D:6)
  An ice beast (D:5)
  3 phantoms
  Dowan (D:4)
  3 howler monkeys
  An orc priest (D:5)
  4 hounds
  3 iguanas
  Terence (D:3)
  3 orc wizards (D:5)
  12 adders
  2 ufetubi (D:6)
  A worm (D:2)
  A dart slug (D:1)
  8 orcs
  10 ball pythons
  3 bats
  3 endoplasms
  A giant cockroach (D:1)
  4 goblins
  6 hobgoblins
  3 quokkas
  3 frilled lizards (D:2)
  3 kobolds
  10 rats
95 creatures vanquished.

Notes
Turn   | Place    | Note
-------+----------+-------------------------------------------
     0 | D:1      | Dirtsage the Octopode Shapeshifter began the quest for the
                  | Orb.
     0 | D:1      | Reached XP level 1. HP: 13/13 MP: 1/1
    44 | D:1      | Reached XP level 2. HP: 18/18 MP: 2/2
   240 | D:1      | Found a faded altar of an unknown god.
   565 | D:2      | Reached XP level 3. HP: 23/23 MP: 3/3
   785 | D:2      | Found a shimmering altar of Xom.
   795 | D:2      | Reached XP level 4. HP: 28/29 MP: 4/4
  1460 | D:3      | Reached skill level 4 in Unarmed Combat
  1489 | D:3      | Noticed Terence
  1507 | D:3      | Killed Terence
  1664 | D:3      | Found a sparkling altar of Nemelex Xobeh.
  1664 | D:3      | Found a broken altar of Ashenzari.
  1672 | D:3      | Found an iron altar of Okawaru.
  1675 | D:3      | Found a glowing silver altar of Zin.
  1677 | D:3      | Found a blossoming altar of Fedhas.
  2119 | D:4      | Noticed a phantom
  2124 | D:4      | Found Hiuprix's Magic Scroll Emporium.
  2127 | D:4      | Killed a phantom
  2128 | D:4      | Reached XP level 5. HP: 20/35 MP: 5/5
  2169 | D:4      | Bought a scroll of blinking for 75 gold pieces
  2169 | D:4      | Bought a scroll of identify for 20 gold pieces
  2169 | D:4      | Bought a scroll of identify for 20 gold pieces
  2169 | D:4      | Bought a scroll of identify for 20 gold pieces
  2169 | D:4      | Bought a scroll of teleportation for 30 gold pieces
  2307 | D:4      | Noticed Dowan
  2310 | D:4      | Noticed Duvessa
  2348 | D:4      | Noticed Menkaure
  2458 | D:4      | Killed Menkaure
  2459 | D:4      | Reached skill level 5 in Unarmed Combat
  2459 | D:4      | Reached XP level 6. HP: 35/41 MP: 6/6
  2518 | D:4      | Killed Duvessa
  2519 | D:4      | Reached skill level 5 in Shapeshifting
  2519 | D:4      | Reached XP level 7. HP: 46/46 MP: 7/7
  2521 | D:4      | Killed Dowan
  2748 | D:5      | Entered Level 5 of the Dungeon
  3073 | D:5      | Found Nare's Book Emporium.
  3132 | D:5      | Reached skill level 6 in Unarmed Combat
  3523 | D:5      | Reached XP level 8. HP: 54/54 MP: 8/8
  3617 | D:6      | Found Higyga's Assorted Antiques.
  3747 | D:6      | Noticed a gargoyle
  3747 | D:6      | Noticed a shadow
  3751 | D:6      | Found a staircase to the Ecumenical Temple.
  3760 | Temple   | Entered the Ecumenical Temple
  3778 | Temple   | Became a worshipper of the Shining One
  3872 | D:6      | Reached skill level 7 in Unarmed Combat
  3872 | D:6      | Noticed a wyvern
  4044 | D:6      | Found Qapsebil's Magic Scroll Boutique.
  4045 | D:6      | Found Loycy's Book Shoppe.
  4050 | D:6      | Bought a scroll of identify for 28 gold pieces
  4184 | D:6      | HP: 1/54 [centaur/+0 rapier (2)]
  4185 | D:6      | Slain by a centaur

Illustrated notes

Levels and vault maps discovered:
D:1:      minmay_arrival_three_doors, layout_rooms,
          chequers_ecumenical_altar_simple_redux, serial_forest,
          infiniplex_forest_side_room, infiniplex_forest_end_1,
          infiniplex_forest_end_2, infiniplex_forest_lined_room_,
          infiniplex_forest_straight_4, infiniplex_forest_lined_1,
          minmay_heptomino_w4
D:2:      layout_loops_ring, basic_altar, minivault_27, minmay_box_of_dots
D:3:      layout_basic, chequers_temple_overflow_minitemple, uniq_terence
D:4:      layout_cave_pools, serial_shops, nicolae_shop_gibbet_a_chance,
          uniq_duvessa, uniq_menkaure
D:5:      layout_basic, serial_shops, nicolae_shop_hallway_plus
D:6:      layout_basic, minmay_temple_entry_arrows, serial_shops,
          nicolae_shop_tiny_statue_garden, nicolae_lakefront_shop, shop, shop,
          minmay_divided_ellipse
Temple:   kb_temple_of_zot

Skill      XL: |  1  2  3  4  5  6  7  8 |
---------------+-------------------------+-----
Unarmed Combat | 4 5 6 7 |  7.4
Fighting       | 2 3 4 |  4.7
Shapeshifting  | 4 5 6 |  6.8
Dodging        | |  2.0
Invocations    | |  0.2

Action                     |  1- 3 |  4- 6 |  7- 9 || total
---------------------------+-------+-------+-------++-------
  Melee: Unarmed           |    59 |    67 |   122 ||   248
         Constrict         |    12 |    11 |    22 ||    45
         Punch             |     5 |     2 |     8 ||    15
         Tentacles         |     8 |    10 |    26 ||    44
         Dagger            |       |     7 |       ||     7
    Use: Scroll            |     1 |     6 |     1 ||     8
         Potion            |       |     1 |       ||     1
   Stab: Sleeping          |     4 |     4 |     2 ||    10
 Armour: Skin              |    12 |    53 |    69 ||   134
  Dodge: Dodged            |    42 |    21 |    71 ||   134

Table legend: (Time is in decaauts)
 A = Elapsed time spent in this place.
 B = Non-inter-level travel time spent in this place.
 C = Inter-level travel time spent in this place.
 D = Time resting spent in this place.
 E = Time spent auto-exploring this place.
 F = Levels seen in this place.
 G = Mean time per level.
                   A        B        C        D        E       F      G
               +--------+--------+--------+--------+--------+-----+--------+
         Total |   4160 |   3927 |    233 |    147 |   3060 |   7 |  594.3 |
       Dungeon |   4124 |   3922 |    202 |    147 |   3060 |   6 |  687.3 |
        Temple |     35 |      4 |     31 |      0 |      0 |   1 |   35.0 |
               +--------+--------+--------+--------+--------+-----+--------+

Top non-repeatable levels by time:
     D:5: 869 daAuts
     D:3: 817 daAuts
     D:2: 788 daAuts
     D:4: 602 daAuts
     D:1: 557 daAuts
     D:6: 489 daAuts
  Temple: 35 daAuts
